 Dungeon Crawl Stone Soup version 0.31-a0-876-gfe8ebadbca (webtiles) character file.

Game seed: 2125522834476838627

28 protoss039 the Digger (level 2, -1/21 HPs)
             Began as a Demonspawn Earth Elementalist on Oct 13, 2023.
             Slain by an adder (4 damage)
             ... on level 2 of the Dungeon.
             The game lasted 00:01:57 (997 turns).

protoss039 the Digger (DsEE)                         Turns: 997, Time: 00:01:59

Health: -1/21      AC:  3    Str:  8    XL:     2   Next: 96%
Magic:  4/5        EV: 11    Int: 16    God:
Gold:   22         SH:  0    Dex: 13    Spells: 2/5 levels left

rFire   . . .        i - +1 demon blade (venom)
rCold   . . .        (no shield)
rNeg    . . .        j - +0 leather armour
rPois   .            (no helmet)
rElec   .            (no cloak)
rCorr   .            (no gloves)
SInv    .            (no boots)
Will    .....        (no amulet)
Stlth   ++           (no ring)
HPRegen 0.23/turn    (no ring)
MPRegen 0.09/turn

%: no passive effects
@: lethally poisoned (-1 -> -3)
A: weakness stinger 1
a: no special abilities


You were on level 2 of the Dungeon.
You visited 1 branch of the dungeon, and saw 2 of its levels.

You collected 22 gold pieces.

Inventory:

Hand Weapons
 i - a +1 demon blade of venom (weapon)
Armour
 j - a +0 leather armour (worn)
Scrolls
 b - a scroll of amnesia
 c - a scroll of identify
 e - a scroll of fear
 f - a scroll of enchant weapon {unknown}
 h - a scroll of enchant armour {unknown}
Potions
 d - a potion of magic
 g - a potion of attraction


   Skills:
 + Level 1.3 Fighting
 * Level 1.7 Dodging
 * Level 1.7 Stealth
 + Level 2.4 Spellcasting
 * Level 0.9 Transmutations
 + Level 3.0 Earth Magic


You had 2 spell levels left.
You knew the following spells:

 Your Spells              Type           Power      Damage    Failure   Level
a - Sandblast             Erth           22%        2d7       9%          1
b - Passwall              Tmut/Erth      6%         N/A       19%         2

Your spell library contained the following spells:

 Spells                   Type           Power      Damage    Failure   Level
 Poisonous Vapours        Pois/Air       2%         N/A       41%         2
 Stone Arrow              Conj/Erth      12%        3d7       43%         3
 Mephitic Cloud           Conj/Pois/Air  1%         N/A       65%         3
 Petrify                  Tmut/Erth      8%         N/A       77%         4
 Brom's Barrelling Bould  Conj/Erth      6%         2d3       83%         4
 Freezing Cloud           Conj/Ice/Air   0%         6-21      100%        5


Dungeon Overview and Level Annotations

Branches:
Dungeon (2/15) Zot: 10985

Altars:


Innate Abilities, Weirdness & Mutations

You have a small tail.


Message History

You closely miss the adder.
The adder is almost dead.
You feel sick. The adder bites you but does no damage.
The adder barely misses you.
Unknown command.
You miss the adder.
The adder is almost dead.
You feel sick.
You are no longer poisoned.
The adder barely misses you. The adder bites you.
Unknown command.
You are too injured to fight recklessly!
Unknown command.
You are too injured to fight recklessly!
Unknown command.
You miss the adder.
The adder is almost dead.
A bat comes into view.
The adder bites you but does no damage.
The bat moves out of view.
You closely miss the adder.
The adder is almost dead.
The adder bites you.
You are poisoned.
The adder poisons you! The adder closely misses you.
You closely miss the adder.
The adder is almost dead.
You feel sick. The adder misses you. The adder bites you.
* * * LOW HITPOINT WARNING * * *
Unknown command.
Unknown command.
Okay, then.
Casting: Sandblast (safe; 9% risk of failure)
Confirm with . or Enter, or press ? or * to list all spells.
Aiming: Sandblast (safe; 9% risk of failure)
Press: ? - help, Shift-Dir - straight line, f/p - adder
Aim: an adder (almost dead, 70% to hit)
The blast of sand misses the adder.
* * * LOW HITPOINT WARNING * * *
You feel sick. The adder closely misses you. The adder bites you.
You die...

... ##.#### #...
#.....##
#..##......#
#......_..###
#...........
#####...!....#
......#.....######
......S@..........
.............####
.............#
##.#...b....<#
#...#......##
#............
##.#....####..
#..(.... .# ......
#


You could see an adder and a bat.

Vanquished Creatures
  A dart slug (D:1)
  3 endoplasms
  A giant cockroach (D:1)
  2 goblins (D:1)
  4 hobgoblins (D:1)
  2 quokkas (D:1)
  3 ball pythons (D:1)
  A bat (D:1)
  A frilled lizard (D:1)
  2 kobolds (D:1)
  3 rats (D:1)
23 creatures vanquished.

Notes
Turn   | Place    | Note
-------+----------+-------------------------------------------
     0 | D:1      | protoss039 the Demonspawn Earth Elementalist began the
                  | quest for the Orb.
     0 | D:1      | Reached XP level 1. HP: 13/13 MP: 3/3
   155 | D:1      | Gained mutation: You have a small tail. [demonic ancestry]
   155 | D:1      | Reached XP level 2. HP: 8/20 MP: 3/5
   296 | D:1      | Reached skill level 1 in Fighting
   458 | D:1      | Reached skill level 3 in Earth Magic
   963 | D:1      | Learned a level 2 spell: Passwall
   979 | D:2      | Found a faded altar of an unknown god.
   997 | D:2      | Slain by an adder

Illustrated notes

Levels and vault maps discovered:
D:1:      ncdulo_smallfort, layout_basic
D:2:      kennysheep_the_goblin_king, layout_rooms, basic_ecumenical_altar

Skill      XL: |  1  2 |
---------------+-------+-----
Fighting       | 1 |  1.3
Earth Magic    | 3 |  3.0
Dodging        | |  1.7
Stealth        | |  1.7
Spellcasting   | |  2.4
Transmutations | |  0.9

Action                     || total
---------------------------++-------
  Melee: Dagger            ||     6
         Punch             ||     1
         Demon blade       ||    13
         Tailslap          ||     2
   Cast: Sandblast         ||    27
    Use: Potion            ||     1
         Scroll            ||     3
 Armour: Robe              ||    11
         Leather armour    ||    11
  Dodge: Dodged            ||    16

Table legend: (Time is in decaauts)
 A = Elapsed time spent in this place.
 B = Non-inter-level travel time spent in this place.
 C = Inter-level travel time spent in this place.
 D = Time resting spent in this place.
 E = Time spent auto-exploring this place.
 F = Levels seen in this place.
 G = Mean time per level.
                   A        B        C        D        E       F      G
               +--------+--------+--------+--------+--------+-----+--------+
         Total |   1012 |    955 |     57 |      0 |    774 |   2 |  506.0 |
       Dungeon |   1012 |    955 |     57 |      0 |    774 |   2 |  506.0 |
               +--------+--------+--------+--------+--------+-----+--------+

Top non-repeatable levels by time:
     D:1: 991 daAuts
     D:2: 21 daAuts
